 Dungeon Crawl Stone Soup version 0.31.0-9-g3a7656b989 (webtiles) character file.

Game seed: 16177348732500626607

107 Chiseanne the Trooper (level 4, 0/35 HPs)
             Began as a Demonspawn Wanderer on Feb 3, 2024.
             Slain by an iguana (8 damage)
             ... on level 4 of the Dungeon.
             The game lasted 00:05:40 (2676 turns).

Chiseanne the Trooper (Demonspawn Wanderer)         Turns: 2676, Time: 00:05:41

Health: 0/35       AC: 11    Str: 12    XL:     4   Next: 56%
Magic:  5/5        EV:  6    Int: 11    God:
Gold:   70         SH:  0    Dex: 16    Spells: 4/5 levels left

rFire   + . .        a - +2 dagger
rCold   . . .        (no shield)
rNeg    . . .        s - +1 chain mail {rF+}
rPois   +            (no helmet)
rElec   .            (no cloak)
rCorr   .            c - +1 pair of gloves
SInv    .            (no boots)
Will    .....        (no amulet) Stlth
                     q - ring of poison resistance
HPRegen 0.25/turn    (no ring)
MPRegen 0.18/turn

%: no passive effects
@: no status effects
A: magic regeneration, demonic magic 2
a: no special abilities


You were on level 4 of the Dungeon.
You visited 1 branch of the dungeon, and saw 4 of its levels.

You collected 70 gold pieces.

Inventory:

Hand Weapons
 a - a +2 dagger (weapon)
 r - a +0 dagger of protection
Missiles
 b - 2 curare-tipped darts
 f - a throwing net
 g - 33 stones (quivered)
 m - 3 darts of dispersal
 o - 2 poisoned darts
Armour
 c - a +1 pair of gloves (worn)
 s - a +1 chain mail of fire resistance (worn)
Magical Staves
 d - a staff of conjuration
Jewellery
 q - a ring of poison resistance (left hand)
Talismans
 k - a beast talisman
Scrolls
 n - 2 scrolls of poison
Potions
 h - 2 potions of heal wounds {unknown}
 i - a potion of brilliance {unknown}
 j - a potion of curing {unknown}
 l - 2 potions of haste
 p - a potion of berserk rage {unknown}


   Skills:
 * Level 3.2 Fighting
 - Level 2.6 Throwing
 * Level 2.6 Dodging
 - Level 1.7 Stealth
 - Level 1.0 Spellcasting
 - Level 1.7 Fire Magic
 - Level 1.0 Evocations


You had 4 spell levels left.
You knew the following spells:

 Your Spells              Type           Power      Damage    Failure   Level
a - Foxfire               Conj/Fire      8%         2x1d4     100%        1

Your spell library contained the following spells:

 Spells                   Type           Power      Damage    Failure   Level
 Magic Dart               Conj           0%         1d3       100%        1
 Necrotise                Necr           0%         1d4       100%        1
 Sting                    Conj/Alch      0%         1d3       100%        1
 Blink                    Tloc           0%         N/A       100%        2
 Call Imp                 Summ           0%         N/A       100%        2
 Mercury Vapours          Alch/Air       0%         N/A       100%        2
 Inner Flame              Hex/Fire       2%         N/A       100%        3
 Mephitic Cloud           Conj/Alch/Air  0%         N/A       100%        3
 Vampiric Draining        Necr           0%         2d6       100%        3
 Martyr's Knell           Necr/Summ      0%         N/A       100%        4
 Olgreb's Toxic Radiance  Alch           0%         N/A       100%        4
 Curse of Agony           Necr           0%         N/A       100%        5
 Freezing Cloud           Conj/Ice/Air   0%         6-21      100%        5
 Haunt                    Necr/Summ      0%         N/A       100%        7
 Borgnjor's Revivificati  Necr           0%         N/A       100%        8
 Death's Door             Necr           0%         N/A       100%        9


Dungeon Overview and Level Annotations

Branches:
Dungeon (4/15)
 Temple: D:4-7

Altars:

Portals:
Abyss: D:3

Annotations:
D:3 1 transporter, beef's ghost, amateur DrSh
D:4 exclusion: orc wizard


Innate Abilities, Weirdness & Mutations

You regenerate magic rapidly.
Spells you cast may paralyse nearby enemies.


Message History

The adder bites you but does no damage. The adder closely misses you.
You hit the adder.
The adder is severely wounded.
The adder barely misses you. The iguana bites you.
You closely miss the adder.
The adder is severely wounded.
The adder bites you but does no damage.
The iguana bites you but does no damage.
You barely miss the adder.
The adder is severely wounded.
The adder barely misses you.
The iguana bites you but does no damage.
You barely miss the adder.
The adder is severely wounded.
The adder bites you but does no damage. x2; The iguana bites you!
You hit the adder.
The adder is severely wounded.
The adder bites you but does no damage. The iguana bites you.
You hit the adder.
You kill the adder!
The iguana bites you. The iguana closely misses you.
You see here an adder corpse.
You hit the iguana but do no damage. The iguana bites you.
You closely miss the iguana. The iguana bites you.
* * * LOW HITPOINT WARNING * * *
You hit the iguana.
The iguana is lightly wounded.
The iguana barely misses you.
You hit the iguana but do no damage.
The iguana is lightly wounded.
The iguana bites you.
* * * LOW HITPOINT WARNING * * *
You hit the iguana.
The iguana is moderately wounded.
The iguana barely misses you.
You hit the iguana but do no damage.
The iguana is moderately wounded.
The iguana bites you!
You die...

#....## .#...#
#....## #.....#
#....# ##....# ##
####...l.##...#
####.......@.....#
#..#.##########..#
##....# #.....#
##.....# #......#
#......#
##.....#..
#####.....'..


You could see an iguana.

Vanquished Creatures
  5 adders
  2 dart slugs
  9 ball pythons
  4 endoplasms
  3 giant cockroaches
  5 goblins
  3 hobgoblins
  4 jackals (D:1)
  4 kobolds
  3 quokkas
  5 bats
  4 frilled lizards
  6 rats
57 creatures vanquished.

Notes
Turn   | Place    | Note
-------+----------+-------------------------------------------
     0 | D:1      | Chiseanne the Demonspawn Wanderer began the quest for the
                  | Orb.
     0 | D:1      | Chiseanne set off with the following items: a +2 dagger, 2
                  | curare-tipped darts, a +0 pair of gloves, a scroll of
                  | vulnerability, a +0 robe; and the following spell
                  | memorised: Foxfire; and the following spells available to
                  | memorise: Inner Flame.
     0 | D:1      | Reached XP level 1. HP: 15/15 MP: 2/2
   340 | D:1      | Reached skill level 1 in Dodging
   340 | D:1      | Gained mutation: Spells you cast may paralyse adjacent
                  | enemies. [demonic ancestry]
   340 | D:1      | Reached XP level 2. HP: 21/21 MP: 3/3
   771 | D:1      | Reached skill level 2 in Fighting
  1093 | D:2      | Gained mutation: Spells you cast may paralyse nearby
                  | enemies. [demonic ancestry]
  1093 | D:2      | Reached XP level 3. HP: 26/27 MP: 4/4
  1903 | D:3      | Found a faded altar of an unknown god.
  1926 | D:3      | Gained mutation: You regenerate magic rapidly. [demonic
                  | ancestry]
  1926 | D:3      | Reached XP level 4. HP: 23/34 MP: 5/5
  2052 | D:3      | Noticed beef's ghost (amateur DrSh)
  2054 | D:3      | Noticed a small abomination
  2055 | D:3      | Found a transporter.
  2248 | D:3      | Found a one-way gate to the infinite horrors of the Abyss.
  2398 | D:3      | Reached skill level 3 in Fighting
  2676 | D:4      | Slain by an iguana

Illustrated notes

Levels and vault maps discovered:
D:1:      grunt_arrival_crossed_arrows, layout_basic, serial_rivers,
          chequers_serial_rivers_micro_b, chequers_serial_rivers_room_b,
          chequers_serial_rivers_micro_d, chequers_serial_rivers_large_a,
          chequers_serial_rivers_micro_c, minmay_hexomino_f4
D:2:      layout_loops_cross, minmay_misc_feat_columns, minmay_misc_feat_encased
D:3:      layout_loops_cross, dreamdust_ecumenical_altar_statues,
          gammafunk_ghost_abyssal_escape
D:4:      dreamdust_elfheim, layout_cave_pods, minmay_gold_behind_fungi,
          minivault_25

Skill      XL: |  1  2  3  4 |
---------------+-------------+-----
Dodging        | 1 2 |  2.6
Fighting       | 2 3 |  3.2
Throwing       | |  2.6
Stealth        | |  1.7
Spellcasting   | |  1.0
Fire Magic     | |  1.7
Evocations     | |  1.0

Action                     |  1- 3 |  4- 6 || total
---------------------------+-------+-------++-------
  Melee: Dagger            |   158 |    56 ||   214
         Punch             |     1 |       ||     1
  Throw: Stone             |     1 |       ||     1
    Use: Scroll            |    10 |       ||    10
   Stab: Sleeping          |     9 |       ||     9
 Armour: Robe              |    65 |    15 ||    80
         Chain mail        |       |    19 ||    19
         Leather armour    |       |     6 ||     6
  Dodge: Dodged            |    92 |    28 ||   120
